 Dungeon Crawl Stone Soup version 0.21.1-1-g345015f (webtiles) character file.

50 zishaf the Shooter (level 3, -2/28 HPs)
             Began as a Centaur Arcane Marksman on May 11, 2018.
             Slain by an orc priest
             ... wielding a +2 flail of protection
              (8 damage)
             ... on level 1 of the Dungeon.
             The game lasted 00:04:46 (1556 turns).

zishaf the Shooter (Centaur Arcane Marksman)        Turns: 1556, Time: 00:04:47

Health: -2/28      AC:  4    Str: 12    XL:     3   Next: 55%
Magic:  4/4        EV:  9    Int: 12    God:
Gold:   34         SH:  0    Dex: 10    Spells: 3/4 levels left

rFire    + . .     SeeInvis .   d - +0 dagger
rCold    . . .     Gourm    .   (no shield)
rNeg     . . .     Faith    .   e - +0 robe
rPois    .         Spirit   .   (no helmet)
rElec    .         Reflect  .   (no cloak)
rCorr    .         Harm     .   (no gloves)
MR       .....                  (no barding)
Stlth    +.........             (no amulet)
HPRegen  0.09/turn              g - ring of protection from fire
MPRegen  0.09/turn              (no ring)

@: very quick
A: large, hooves 3, deformed body, speed 2, tough skin 3
a: no special abilities


You were on level 1 of the Dungeon.
You were not hungry.

You visited 1 branch of the dungeon, and saw 2 of its levels.

You collected 34 gold pieces.

Inventory:

Hand Weapons
 a - a +0 shortbow
 d - a +0 dagger (weapon)
Missiles
 k - an arrow
Armour
 e - a +0 robe (worn)
Jewellery
 g - a ring of protection from fire (left hand)
Potions
 b - a potion of lignification {unknown}
 h - a potion of mutation {unknown}
 j - a potion of curing {unknown}
Books
 c - a book of Debilitation

   Spells                             Type                      Level
   a - Corona                         Hexes                        1
   b - Slow                           Hexes                        2
   c - Inner Flame                    Hexes/Fire                   3
   d - Portal Projectile              Hexes/Translocation          3
   e - Cause Fear                     Hexes                        4
   f - Leda's Liquefaction            Hexes/Earth                  4
Comestibles
 f - 2 rations
 i - 2 chunks of flesh


   Skills:
 - Level 1.0 Fighting
 * Level 5.3 Bows
 - Level 1.3 Dodging
 - Level 1.0 Spellcasting
 - Level 2.6 Hexes


You had 3 spell levels left.
You knew the following spells:

 Your Spells              Type           Power        Failure   Level  Hunger
a - Corona                Hex            #......      10%         1    ##.....


Dungeon Overview and Level Annotations

Branches:
Dungeon (2/15)

Altars:


Innate Abilities, Weirdness & Mutations

You have hooves in place of feet.
Armour fits poorly on your strangely shaped body.
You cover ground very quickly.
You have extremely tough skin. (AC +3)


Message History

The orc priest hits you with a flail of protection.
You barely miss the orc priest. Your kick misses the orc priest.
The orc priest is lightly wounded.
The orc priest barely misses you.
You hit the orc priest but do no damage.
The orc priest is lightly wounded.
You closely miss the orc priest. Your kick misses the orc priest.
The orc priest is lightly wounded.
The orc priest looks braver for a moment.
You hit the orc priest but do no damage.
Your kick misses the orc priest.
The orc priest is lightly wounded.
The orc priest hits you with a flail of protection!
* * * LOW HITPOINT WARNING * * *
Some of the chunks of flesh in your inventory have rotted away.
You hit the orc priest but do no damage.
You kick the orc priest, but do no damage.
The orc priest is lightly wounded.
The orc priest hits you with a flail of protection!
You die...

### #.#.########.##.# #.#
..###.#.......##.##.# #.#
..........###.##.##.# #.#
..###.#...# #.##.##.# #.# .##
#.#...###.##.##.# #.########
.#
#.#..........##.####........#
.#
#.#...............#########.#
.# #.##.######o.####.# #.# ##
#.##.# #..)@# #.# #.# #.##.##
#...## #.## #.# #.#.).###.###
###..#### #.# #........)#
#.......# #.# ##....###.##
#.#####.# #.#
#.#.###...####.# #.# #.#
#..............# #.# #.# ###
#..####...###..# #.# #.# ..#
#..######.##########.#####.#


You could see an orc priest.

Vanquished Creatures
  An ooze (D:1)
  2 dart slugs (D:1)
  An orc (D:2)
  12 goblins (D:1)
  3 hobgoblins (D:1)
  7 jackals (D:1)
  7 kobolds (D:1)
  2 bats (D:1)
  A rat (D:1)
36 creatures vanquished.

Vanquished Creatures (others)
  5 toadstools (D:1)
5 creatures vanquished.

Grand Total: 41 creatures vanquished

Notes
Turn   | Place    | Note
-------+----------+-------------------------------------------
     0 | D:1      | zishaf the Centaur Arcane Marksman began the quest for the Orb.
     0 | D:1      | Reached XP level 1. HP: 16/16 MP: 2/2
    32 | D:1      | Reached skill level 3 in Bows
   116 | D:1      | Reached XP level 2. HP: 23/23 MP: 3/3
   132 | D:1      | Reached skill level 4 in Bows
   940 | D:1      | Reached XP level 3. HP: 28/28 MP: 4/4
   947 | D:1      | Reached skill level 5 in Bows
  1556 | D:1      | Slain by an orc priest

Skill      XL: |  1  2  3 |
---------------+----------+-----
Bows           | 3 4 5 |  5.3
Fighting       | |  1.0
Dodging        | |  1.3
Spellcasting   | |  1.0
Hexes          | |  2.6

Action                   || total
-------------------------++-------
Melee: Dagger            ||    59
       Kick              ||    12
 Fire: Shortbow          ||    89
  Eat: Chunk             ||     1
Armor: Robe              ||    37
Dodge: Dodged            ||    48
